 Dungeon Crawl Stone Soup version 0.29-a0-997-gf6f7e2dfe7 (webtiles) character file.

Game seed: 14903334852424806523

1187 IdlyInterested the Spear-Bearer (level 8, -1/59 (60) HPs)
             Began as a Demonspawn Gladiator on Aug 4, 2022.
             Slain by a gnoll
             ... wielding a +0 spear
             ... led by a gnoll bouda
              (2 damage)
             ... on level 7 of the Dungeon.
             The game lasted 00:16:38 (5621 turns).

IdlyInterested the Spear-Bearer (DsGl)              Turns: 5621, Time: 00:16:39

HP:   -1/59 (60)    AC: 13    Str: 14    XL:     8   Next: 19%
MP:   9/9           EV:  9    Int: 12    God:
Gold: 187           SH:  0    Dex: 15    Spells: 9/9 levels left

rFire   . . .      SeeInvis .   a - +0 trident
rCold   + . .      Faith    .   (no shield)
rNeg    . . .      Spirit   .   c - +1 chain mail {rC+}
rPois   .          Reflect  .   (helmet restricted)
rElec   .          Harm     .   s - +2 cloak
rCorr   .          Rampage  .   (no gloves)
Will    .....                   (no boots)
Stlth   ..........              (no amulet)
HPRegen 0.19/turn               (no ring)
MPRegen 0.11/turn               (no ring)

@: lightly drained
A: horns 2, demonic guardian 1, foul stench 1, sturdy frame 2
a: no special abilities


You were on level 7 of the Dungeon.
You visited 1 branch of the dungeon, and saw 7 of its levels.

You collected 187 gold pieces.

Inventory:

Hand Weapons
 a - a +0 trident (weapon)
 x - a +0 trident
Missiles
 d - a throwing net
 y - a boomerang of dispersal
 A - 3 boomerangs (quivered)
Armour
 c - a +1 chain mail of cold resistance (worn)
 m - a +0 chain mail
 s - a +2 cloak (worn)
 D - a +0 chain mail
Magical Staves
 r - a staff of fire
Scrolls
 b - a scroll of vulnerability {unknown}
 f - 2 scrolls of enchant weapon {unknown}
 g - 2 scrolls of identify {unknown}
 h - a scroll of silence {unknown}
 j - 2 scrolls of summoning {unknown}
 l - a scroll of torment {unknown}
 n - 2 scrolls of teleportation {unknown}
 p - a scroll of poison {unknown}
 t - 2 scrolls of blinking {unknown}
 u - 2 scrolls of enchant armour {unknown}
 w - a scroll of noise {unknown}
 z - 2 scrolls of fear {unknown}
 E - a scroll of immolation {unknown}
Potions
 e - a potion of degeneration {unknown}
 i - a potion of attraction {unknown}
 k - a potion of flight {unknown}
 o - a potion of resistance {unknown}
 q - a potion of mutation {unknown}
 v - a potion of magic {unknown}
 B - a potion of lignification {unknown}
 C - a potion of cancellation {unknown}


   Skills:
 - Level 4.0 Fighting
 * Level 8.0 Polearms
 - Level 1.7 Throwing
 + Level 2.6 Armour
 - Level 2.6 Dodging
 - Level 1.0 Stealth
 - Level 1.0 Spellcasting
 - Level 1.0 Evocations


You had 9 spell levels left.
You didn't know any spells.
Your spell library contained the following spells:

 Spells                   Type           Power      Damage    Failure   Level
 Apportation              Tloc           0%         N/A       86%         1
 Beastly Appendage        Tmut           0%         N/A       86%         1
 Wereblood                Tmut           0%         N/A       94%         2
 Spider Form              Tmut/Pois      0%         N/A       99%         3
 Summon Guardian Golem    Hex/Summ       0%         N/A       99%         3
 Olgreb's Toxic Radiance  Pois           0%         N/A       100%        4
 Alistair's Intoxication  Tmut/Pois      0%         N/A       100%        5
 Orb of Destruction       Conj           0%         9d5       100%        7
 Ozocubu's Refrigeration  Ice            0%         4d7       100%        7
 Spellforged Servitor     Conj/Summ      0%         N/A       100%        7
 Ignition                 Fire           0%         3d3       100%        8


Dungeon Overview and Level Annotations

Branches:
Dungeon (8/15)
 Temple: D:4-7         Lair: D:8-11

Altars:
Dithmenos
Sif Muna
Trog
Vehumet

Shops:
D:1 ?


Innate Abilities, Weirdness & Mutations

You have a pair of horns on your head.
A weak demonic guardian rushes to your aid.
You may rarely emit foul miasma when damaged in melee.
Your movements are less encumbered by armour. (ER -4)


Message History

A demonic guardian appears!
You hit the gnoll.
The gnoll is almost dead.
The gnoll throws a stone.
The stone barely misses your shadow imp.
The stone hits you.
* * * LOW HITPOINT WARNING * * *
The gnoll barely misses you.
The gnoll bouda barks out a call to the hunt!
The gnolls pick up the pace!
The gnoll closely misses you. The gnoll hits you but does no damage.
Something hits you but does no damage.
You closely miss the gnoll. Your headbutt misses the gnoll.
The gnoll is almost dead.
Your shadow imp gestures at the gnoll bouda.
The gnoll bouda writhes in agony!
The gnoll closely misses your shadow imp.
The gnoll hits you from afar with a +0 spear.
* * * LOW HITPOINT WARNING * * *
The gnoll bouda barely misses you. The gnoll barely misses you.
The gnoll hits you but does no damage. Something hits you but does no damage.
You closely miss the gnoll.
The gnoll is almost dead.
Your shadow imp hits the gnoll bouda.
The gnoll hits your shadow imp with a +0 flail.
The gnoll closely misses you.
The gnoll bouda hits your shadow imp with a +0 club!
Your shadow imp dies!
Your shadow imp disappears in a puff of smoke!
The gnoll hits you but does no damage.
The gnoll hits you from afar with a +0 spear.
* * * LOW HITPOINT WARNING * * *
A demonic guardian appears!
The gnoll bouda shouts!
You barely miss the gnoll.
The gnoll is almost dead.
The gnoll is no longer moving quickly.
Something hits you.
* * * LOW HITPOINT WARNING * * *
The gnoll hits you from afar with a +0 spear.
You die...

## # ### ..
#####.#g#.#.#
...)ggg@{l..#
#####g#g#5#.#
#........
##.#.#.###
....... ##
#.# ## ###


You could see a gnoll bouda, an iguana (ally target), 5 gnolls and a friendly
shadow imp (summoned).

Vanquished Creatures
  The ghost of RevDB the Trooper, an amateur DrTm of Sif Muna (D:4)
  Duvessa (D:5)
  An ogre (D:4)
  A centaur (D:8)
  A phantom (D:5)
  A scorpion (D:4)
  4 wights (D:8)
  Dowan (D:5)
  A howler monkey (D:4)
  2 orc priests (D:4)
  An orc wizard (D:7)
  8 adders
  3 dart slugs
  16 orcs
  6 ball pythons
  5 bats
  6 endoplasms
  4 giant cockroaches
  10 goblins
  8 hobgoblins
  3 jackals (D:5)
  5 kobolds
  3 quokkas
  4 frilled lizards
  4 rats (D:1)
100 creatures vanquished.

Notes
Turn   | Place    | Note
-------+----------+-------------------------------------------
     0 | D:1      | IdlyInterested the Demonspawn Gladiator began the quest for
                  | the Orb.
     0 | D:1      | Reached XP level 1. HP: 16/16 MP: 1/1
   128 | D:1      | Found a faded altar of an unknown god.
   138 | D:1      | Reached skill level 3 in Polearms
   232 | D:1      | Gained mutation: Your movements are slightly less
                  | encumbered by armour. (ER -2) [demonic ancestry]
   232 | D:1      | Reached XP level 2. HP: 22/22 MP: 2/2
   409 | D:1      | Reached skill level 1 in Evocations
   815 | D:1      | Found Miarghou's Magic Scroll Boutique.
   824 | D:1      | Gained mutation: You have a pair of small horns on your
                  | head. [demonic ancestry]
   824 | D:1      | Reached XP level 3. HP: 27/27 MP: 3/3
  1581 | D:2      | Reached skill level 1 in Stealth
  1985 | D:3      | Found a bloodstained altar of Trog.
  1996 | D:3      | Found a shadowy altar of Dithmenos.
  2002 | D:3      | Found a shimmering blue altar of Sif Muna.
  2005 | D:3      | Found a radiant altar of Vehumet.
  2710 | D:3      | Reached skill level 4 in Polearms
  2710 | D:3      | Gained mutation: Your movements are less encumbered by
                  | armour. (ER -4) [demonic ancestry]
  2710 | D:3      | Reached XP level 4. HP: 32/33 MP: 3/5
  2959 | D:3      | Reached skill level 1 in Spellcasting
  3257 | D:4      | Reached XP level 5. HP: 38/38 MP: 6/6
  3321 | D:4      | Reached skill level 1 in Armour
  3379 | D:4      | Reached skill level 5 in Polearms
  3457 | D:4      | Gained mutation: You may rarely emit foul miasma when
                  | damaged in melee. [demonic ancestry]
  3457 | D:4      | Reached XP level 6. HP: 39/44 MP: 7/7
  4072 | D:4      | Found a large runed translucent door.
  4072 | D:4      | Found a large runed translucent door.
  4075 | D:4      | Noticed RevDB's ghost (amateur DrTm)
  4366 | D:4      | Killed RevDB's ghost
  4367 | D:4      | Reached skill level 6 in Polearms
  4367 | D:4      | Gained mutation: You have a pair of horns on your head.
                  | [demonic ancestry]
  4367 | D:4      | Reached XP level 7. HP: 1/40 MP: 8/8
  4705 | D:5      | Entered Level 5 of the Dungeon
  4922 | D:5      | Noticed Dowan
  4925 | D:5      | Noticed Duvessa
  4953 | D:5      | Killed Duvessa
  4954 | D:5      | Reached skill level 7 in Polearms
  4959 | D:5      | Killed Dowan
  4963 | D:5      | You fall into a shaft and drop 3 floors!
  4978 | D:8      | HP: 2/53 [centaur (2)]
  5289 | D:8      | Gained mutation: A weak demonic guardian rushes to your
                  | aid. [demonic ancestry]
  5289 | D:8      | Reached XP level 8. HP: 60/60 MP: 9/9
  5609 | D:7      | Reached skill level 8 in Polearms
  5621 | D:7      | HP: 1/59 [something (2)]
  5621 | D:7      | Slain by a gnoll

Illustrated notes

Levels and vault maps discovered:
D:1:      scummos_arrival_gate, layout_basic, serial_shops,
          nicolae_shop_advertising_works [nicolae_subvault_shop_adworks],
          basic_ecumenical_altar
D:2:      layout_basic
D:3:      layout_basic, minitemple, serial_bayou_pond_e
D:4:      layout_loops_cross, ebering_ghost_disaster_area
D:5:      layout_loops_ring, nicolae_overflow_hidden_temple,
          nicolae_shop_overcharged_wands, uniq_eustachio, uniq_sigmund,
          uniq_duvessa
D:7:      layout_loops_ring, st_stairs_8, uniq_pikel
D:8:      layout_basic, guppyfry_early_elven_hall

Skill      XL: |  1  2  3  4  5  6  7  8 |
---------------+-------------------------+-----
Polearms       | 3 4 5 6 7 8 |  8.0
Evocations     | 1 |  1.0
Stealth        | 1 |  1.0
Spellcasting   | 1 |  1.0
Armour         | 1 2 |  2.6
Fighting       | 3 4 |  4.0
Throwing       | |  1.7
Dodging        | |  2.6

Action                   |  1- 3 |  4- 6 |  7- 9 || total
-------------------------+-------+-------+-------++-------
Melee: Trident           |   161 |   187 |   116 ||   464
       Punch             |     1 |     1 |     1 ||     3
       Headbutt          |    12 |    36 |    32 ||    80
Throw: Javelin           |       |     1 |     1 ||     2
       Boomerang         |       |     2 |       ||     2
       Throwing net      |       |       |     2 ||     2
  Use: Potion            |       |     6 |       ||     6
 Stab: Held in net/web   |       |       |     1 ||     1
Armor: Ring mail         |    27 |       |       ||    27
       Chain mail        |    42 |    90 |   126 ||   258
Dodge: Dodged            |    71 |    77 |    68 ||   216

Table legend: (Time is in decaauts)
 A = Elapsed time spent in this place.
 B = Non-inter-level travel time spent in this place.
 C = Inter-level travel time spent in this place.
 D = Time resting spent in this place.
 E = Time spent auto-exploring this place.
 F = Levels seen in this place.
 G = Mean time per level.
                   A        B        C        D        E       F      G
               +--------+--------+--------+--------+--------+-----+--------+
         Total |   5646 |   5244 |    402 |   1582 |   2479 |   7 |  806.6 |
       Dungeon |   5646 |   5244 |    402 |   1582 |   2479 |   7 |  806.6 |
               +--------+--------+--------+--------+--------+-----+--------+

Top non-repeatable levels by time:
     D:4: 1740 daAuts
     D:1: 1419 daAuts
     D:3: 1009 daAuts
     D:2: 688 daAuts
     D:8: 614 daAuts
     D:5: 135 daAuts
     D:7: 38 daAuts
